 Dungeon Crawl Stone Soup version 0.31.0-11-ge490571c62 (webtiles) character file.

Game seed: 9366799736016524280

5862 Ashen the Covert (level 10, -2/76 HPs)
             Began as a Gnoll Enchanter on Feb 8, 2024.
             Was a Follower of Uskayaw.
             Slain by a troll (7 damage)
             ... on level 9 of the Dungeon.
             The game lasted 00:20:45 (9448 turns).

Ashen the Covert (Gnoll Enchanter)                  Turns: 9448, Time: 00:20:47

Health: -2/76      AC:  8    Str:  9    XL:     10   Next: 81%
Magic:  2/21       EV: 15    Int: 14    God:    Uskayaw [*.....]
Gold:   471        SH:  6    Dex: 16    Spells: 13/24 levels left

rFire   . . .        u - +2 dagger (venom)
rCold   . . .        D - +0 buckler
rNeg    + . .        p - +2 robe {rN+}
rPois   +            t - +0 helmet
rElec   .            b - +0 cloak
rCorr   .            e - +0 pair of gloves
SInv    +            (no boots)
Will    .....        (no amulet)
Stlth   ++++         C - ring of see invisible
HPRegen 0.32/turn    o - ring of poison resistance
MPRegen 0.17/turn

%: no passive effects
@: very slightly contaminated
A: fangs 1, strong nose, distributed training
a: Renounce Religion, Stomp


You were on level 9 of the Dungeon.
You worshipped Uskayaw.
Uskayaw was noncommittal.
You visited 2 branches of the dungeon, and saw 10 of its levels.

You collected 471 gold pieces.

Inventory:

Hand Weapons
 a - a +1 dagger
 u - a +2 dagger of venom (weapon)
Missiles
 k - 25 poisoned darts (quivered)
 M - 2 throwing nets
Armour
 b - a +0 cloak (worn)
 e - a +0 pair of gloves (worn)
 p - a +2 robe of positive energy (worn)
 t - a +0 helmet (worn)
 D - a +0 buckler (worn)
Jewellery
 g - a ring of protection from cold
 o - a ring of poison resistance (right hand)
 C - a ring of see invisible (left hand)
Wands
 v - a wand of polymorph (8)
 z - a wand of flame (13)
 F - a wand of acid (7)
 G - a wand of mindburst (12)
Scrolls
 h - a scroll of poison {unknown}
 i - 2 scrolls of brand weapon {unknown}
 j - a scroll of fear {unknown}
 m - 5 scrolls of amnesia {unknown}
 q - 5 scrolls of teleportation {unknown}
 r - 2 scrolls of torment {unknown}
 w - 2 scrolls of immolation {unknown}
 x - a scroll of blinking {unknown}
 y - a scroll of fog {unknown}
 H - 2 scrolls of identify {unknown}
 I - 2 scrolls of enchant armour {unknown}
 J - a scroll of revelation {unknown}
 K - 2 scrolls of butterflies {unknown}
 L - a scroll of vulnerability {unknown}
 N - a scroll of enchant weapon {unknown}
 O - a scroll of acquirement {unknown}
Potions
 c - a potion of invisibility
 d - 2 potions of magic {unknown}
 f - 2 potions of degeneration {unknown}
 l - 5 potions of curing {unknown}
 n - 2 potions of cancellation {unknown}
 s - 2 potions of lignification {unknown}
 A - 2 potions of haste {unknown}
 B - 5 potions of heal wounds {unknown}
 E - a potion of enlightenment {unknown}


   Skills:
 + Level 5.8 Fighting
 + Level 6.4 Short Blades
 + Level 5.8 Long Blades
 + Level 5.8 Axes
 + Level 5.8 Maces & Flails
 + Level 5.8 Polearms
 + Level 5.8 Staves
 + Level 5.8 Ranged Weapons
 + Level 5.8 Throwing
 + Level 5.8 Armour
 + Level 7.5 Dodging
 + Level 8.4 Stealth
 + Level 5.8 Shields
 + Level 5.8 Unarmed Combat
 + Level 7.8 Spellcasting
 + Level 4.8 Conjurations
 + Level 7.4 Hexes
 + Level 4.8 Summonings
 + Level 4.8 Necromancy
 + Level 4.8 Translocations
 + Level 4.8 Fire Magic
 + Level 4.8 Ice Magic
 + Level 4.8 Air Magic
 + Level 4.8 Earth Magic
 + Level 4.8 Alchemy
 + Level 6.4 Invocations
 + Level 5.8 Evocations
 + Level 5.3 Shapeshifting


You had 13 spell levels left.
You knew the following spells:

 Your Spells              Type           Power      Damage    Failure   Level
a - Ensorcelled Hibernat  Hex/Ice        44%        N/A       2%          2
b - Confusing Touch       Hex            26%        N/A       2%          3
c - Tukima's Dance        Hex            26%        N/A       2%          3
d - Dazzling Flash        Conj/Hex       44%        N/A       4%          3

Your spell library contained the following spells:

 Spells                   Type           Power      Damage    Failure   Level
 Sandblast                Erth           38%        2d10      2%          1
 Lesser Beckoning         Tloc           38%        N/A       3%          2
 Fugue of the Fallen      Necr           19%        N/A       8%          3
 Gell's Gravitas          Tloc           19%        N/A       8%          3
 Ozocubu's Armour         Ice            19%        N/A       8%          3
 Passwall                 Erth           19%        N/A       8%          3
 Stone Arrow              Conj/Erth      38%        3d9       8%          3
 Swiftness                Air            19%        N/A       8%          3
 Teleport Other           Tloc           19%        N/A       8%          3
 Volatile Blastmotes      Fire/Tloc      38%        2d13      8%          3
 Brom's Barrelling Bould  Conj/Erth      19%        2d4       26%         4
 Manifold Assault         Tloc           19%        N/A       26%         4
 Starburst                Conj/Fire      9%         6d5       98%         6
 Malign Gateway           Summ/Tloc      9%         N/A       100%        7
 Maxwell's Capacitive Co  Air            9%         ∞         100%        8
 Summon Horrible Things   Summ           9%         N/A       100%        8


Dungeon Overview and Level Annotations

Branches:
Dungeon (9/15)             Temple (1/1) D:4
   Lair: D:8-11         Orc: D:9-12

Altars:
Ashenzari
Cheibriados
Dithmenos
Elyvilon
Fedhas
Gozag
Hepliaklqana
Kikubaaqudgha
Makhleb
Nemelex Xobeh
Okawaru
Qazlal
Ru
Sif Muna
Trog
Uskayaw
Vehumet
Wu Jian
Xom
Yredelemnul
Zin
The Shining One

Shops:
D:3 *   D:8 (


Innate Abilities, Weirdness & Mutations

You have very sharp teeth.
Your uncanny sense of smell can sniff out nearby items.
Your experience applies equally to all skills.


Message History

* * * LOW HITPOINT WARNING * * *
The killer bee barely misses you.
You hit the killer bee.
The killer bee is poisoned.
The killer bee is moderately wounded.
You block the killer bee's attack. The troll closely misses you.
The troll barely misses you. You block the troll's attack.
You completely miss the killer bee. Your bite misses the killer bee.
The killer bee is severely wounded.
Casting: Dazzling Flash (dangerous; 4% risk of failure)
Confirm with . or Enter, or press ? or * to list all spells.
Aiming: Ensorcelled Hibernation (safe; 2% risk of failure)
Press: ? - help, Shift-Dir - straight line, f - troll
Aim: a troll (lightly wounded, poisoned, chance to affect: 54%)
You miscast Ensorcelled Hibernation.
You are very lightly contaminated with residual magic.
Nothing appears to happen.
The killer bee is no longer blind.
You block the troll's attack.
The troll claws you but does no damage. x2
The killer bee stings you but does no damage.
Casting: Ensorcelled Hibernation (safe; 2% risk of failure)
Confirm with . or Enter, or press ? or * to list all spells.
Aiming: Ensorcelled Hibernation (safe; 2% risk of failure)
Press: ? - help, Shift-Dir - straight line, f/p - troll
Aim: a troll (lightly wounded, poisoned, chance to affect: 54%)
The troll resists with significant effort.
You kill the killer bee!
The troll bites you.
* * * LOW HITPOINT WARNING * * *
The troll claws you!
* * * LOW HITPOINT WARNING * * *
The troll completely misses you.
Unknown command.
Casting: Ensorcelled Hibernation (safe; 2% risk of failure)
Confirm with . or Enter, or press ? or * to list all spells.
Aiming: Ensorcelled Hibernation (safe; 2% risk of failure)
Press: ? - help, Shift-Dir - straight line, f/p - troll
Aim: a troll (lightly wounded, poisoned, chance to affect: 54%)
The troll resists with significant effort.
You block the troll's attack. The troll closely misses you.
The troll claws you!
You die...

...#.........##..##
.>..:....#.#.)......##
........##.............
.......###............
#...............#...#
#.....?...#)...## ..#
#........#....# ..
#.#.............. .
#..@.............
......T†##.....##.....
.$.....####.....##....
..###.. .....## ... .
.... ..y..# ..#..
.#...# ...... ...#
...##. .##


You could see a troll (poisoned).

Vanquished Creatures
  A boulder beetle (D:8)
  A centaur warrior (D:8)
  A two-headed ogre (D:9)
  Pikel (D:8)
  A gargoyle (D:8)
  A hornet (D:7)
  A wyvern (D:8)
  2 steam dragons
  Menkaure (D:7)
  2 water moccasins (D:8)
  A black bear (D:6)
  An orc warrior (D:6)
  2 sky beasts (D:7)
  An ice beast (D:6)
  2 ogres
  2 lemures (D:8)
  A kobold brigand (D:8)
  2 bullfrogs
  A scorpion (D:5)
  3 wights (D:7)
  2 killer bees (D:9)
  An electric eel (D:6)
  3 howler monkeys
  2 jellies
  Crazy Yiuf (D:2)
  A bombardier beetle (D:3)
  2 hounds (D:5)
  6 orc priests
  A gnoll bouda (D:4)
  7 iguanas
  Jessica (D:2)
  A sleepcap (D:4)
  8 orc wizards
  3 gnolls (D:4)
  11 adders
  2 shadow imps
  2 ufetubi (D:5)
  5 dart slugs
  2 ribbon worms
  42 orcs
  8 endoplasms
  5 giant cockroaches
  8 goblins
  7 hobgoblins
  2 quokkas (D:4)
  9 ball pythons
  5 bats
  4 frilled lizards
  9 kobolds
  4 rats
192 creatures vanquished.

Vanquished Creatures (others)
  An ice beast (D:6)
  A bullfrog (D:6)
2 creatures vanquished.

Grand Total: 194 creatures vanquished

Notes
Turn   | Place    | Note
-------+----------+-------------------------------------------
     0 | D:1      | Ashen the Gnoll Enchanter began the quest for the Orb.
     0 | D:1      | Reached XP level 1. HP: 13/13 MP: 6/6
   177 | D:1      | Reached XP level 2. HP: 19/19 MP: 7/7
   210 | D:1      | Learned a level 2 spell: Ensorcelled Hibernation
   391 | D:1      | Reached skill level 5 in Spellcasting
   391 | D:1      | Reached XP level 3. HP: 25/25 MP: 3/9
   496 | D:1      | Reached skill level 6 in Stealth
   587 | D:1      | Reached skill level 1 in Invocations
   792 | D:2      | Reached skill level 1 in Fighting
   792 | D:2      | Reached skill level 1 in Long Blades
   792 | D:2      | Reached skill level 1 in Axes
   792 | D:2      | Reached skill level 1 in Maces & Flails
   792 | D:2      | Reached skill level 1 in Polearms
   792 | D:2      | Reached skill level 1 in Staves
   792 | D:2      | Reached skill level 1 in Ranged Weapons
   792 | D:2      | Reached skill level 1 in Throwing
   792 | D:2      | Reached skill level 1 in Armour
   792 | D:2      | Reached skill level 1 in Shields
   792 | D:2      | Reached skill level 1 in Unarmed Combat
   792 | D:2      | Reached skill level 1 in Evocations
   970 | D:2      | Reached skill level 1 in Shapeshifting
   970 | D:2      | Reached XP level 4. HP: 32/32 MP: 8/11
  1023 | D:2      | Found a runed translucent door.
  1024 | D:2      | Noticed Crazy Yiuf
  1061 | D:2      | Noticed Jessica
  1064 | D:2      | Killed Jessica
  1065 | D:2      | Reached skill level 1 in Conjurations
  1065 | D:2      | Reached skill level 1 in Summonings
  1065 | D:2      | Reached skill level 1 in Necromancy
  1065 | D:2      | Reached skill level 1 in Translocations
  1065 | D:2      | Reached skill level 1 in Fire Magic
  1065 | D:2      | Reached skill level 1 in Ice Magic
  1065 | D:2      | Reached skill level 1 in Air Magic
  1065 | D:2      | Reached skill level 1 in Earth Magic
  1065 | D:2      | Reached skill level 1 in Alchemy
  1110 | D:2      | Killed Crazy Yiuf
  1286 | D:2      | Reached XP level 5. HP: 37/37 MP: 9/12
  1374 | D:3      | Found Buhuh's Assorted Antiques.
  1902 | D:3      | Found a stormy altar of Qazlal.
  2375 | D:3      | Reached XP level 6. HP: 44/44 MP: 14/14
  2645 | D:3      | Reached skill level 5 in Dodging
  2764 | D:3      | Found a faded altar of an unknown god.
  2953 | D:3      | Learned a level 3 spell: Confusing Touch
  2957 | D:3      | Learned a level 3 spell: Tukima's Dance
  2961 | D:3      | Learned a level 3 spell: Dazzling Flash
  3023 | D:4      | Found a staircase to the Ecumenical Temple.
  3158 | Temple   | Entered the Ecumenical Temple
  3171 | Temple   | Became a worshipper of Uskayaw the Reveller
  3225 | D:4      | Reached * piety under Uskayaw
  3248 | D:4      | Reached ** piety under Uskayaw
  3483 | D:4      | Identified the +4 war axe of Uzigaud {drain, Will+ Dex+2
                  | Stlth+}
  3677 | D:4      | Reached XP level 7. HP: 48/50 MP: 10/15
  3958 | D:4      | Reached *** piety under Uskayaw
  4096 | D:5      | Entered Level 5 of the Dungeon
  4534 | D:5      | Reached XP level 8. HP: 47/58 MP: 16/16
  4673 | D:5      | Found a broken altar of Ashenzari.
  4676 | D:5      | Found a basalt altar of Yredelemnul.
  4686 | D:5      | Found a shadowy altar of Dithmenos.
  4689 | D:5      | Found a sacrificial altar of Ru.
  5224 | D:6      | Reached skill level 7 in Stealth
  6677 | D:7      | Noticed a hornet
  6680 | D:7      | Killed a hornet
  6681 | D:7      | Reached XP level 9. HP: 65/65 MP: 18/18
  6738 | D:7      | Noticed Menkaure
  6751 | D:7      | Killed Menkaure
  6919 | D:7      | Reached skill level 5 in Short Blades
  7738 | D:7      | Reached skill level 5 in Invocations
  7931 | D:8      | Found Cicy's Weapon Emporium.
  7932 | D:8      | Noticed a gargoyle
  7942 | D:8      | Killed a gargoyle
  8231 | D:8      | Reached skill level 5 in Fighting
  8231 | D:8      | Reached skill level 5 in Long Blades
  8231 | D:8      | Reached skill level 5 in Axes
  8231 | D:8      | Reached skill level 5 in Maces & Flails
  8231 | D:8      | Reached skill level 5 in Polearms
  8231 | D:8      | Reached skill level 5 in Staves
  8231 | D:8      | Reached skill level 5 in Ranged Weapons
  8231 | D:8      | Reached skill level 5 in Throwing
  8231 | D:8      | Reached skill level 5 in Armour
  8231 | D:8      | Reached skill level 5 in Shields
  8231 | D:8      | Reached skill level 5 in Unarmed Combat
  8231 | D:8      | Reached skill level 5 in Evocations
  8231 | D:8      | Reached XP level 10. HP: 74/74 MP: 20/20
  8306 | D:8      | Noticed a boulder beetle
  8307 | D:8      | Noticed a centaur warrior
  8324 | D:8      | Killed a boulder beetle
  8325 | D:8      | Reached skill level 8 in Stealth
  8538 | D:8      | Killed a centaur warrior
  8712 | D:8      | Identified the +0 scale mail "Icreav" {*Corrode rElec
                  | Str+6}
  8864 | D:8      | Found an iron altar of Okawaru.
  8870 | D:8      | Noticed Pikel
  8948 | D:8      | Killed Pikel
  8949 | D:8      | Reached skill level 5 in Shapeshifting
  9405 | D:9      | Noticed a two-headed ogre
  9411 | D:9      | Killed a two-headed ogre
  9448 | D:9      | Slain by a troll

Illustrated notes

Levels and vault maps discovered:
D:1:      minmay_arrival_open_corners, layout_basic, minmay_hexomino_r4
D:2:      layout_rooms, nrook_mini_backslash, uniq_crazy_yiuf_cottage,
          uniq_jessica
D:3:      minmay_bubble_buster, layout_basic, grunt_qazlal_clouds,
          shapermc_ecumenical_altar_hornbeckon, serial_shops,
          nicolae_shop_overgrown_old_shop, minmay_misc_feat_five
D:4:      layout_rooms, minmay_temple_entry_statues, mrwooster_statue_mirror,
          minmay_fractal_squares_5
D:5:      layout_loops_ring, grunt_temple_overflow_cloverleaf,
          kennysheep_generic_room_8
D:6:      layout_cave_pools, kennysheep_pointless_box, serial_bayou_crossing
D:7:      layout_loops_corners, chequers_serial_rivers_micro_b, uniq_menkaure
D:8:      minmay_cornered_nines, layout_loops_ring, okawaru_gym_becter,
          serial_shops, shop, uniq_pikel
D:9:      layout_cave_pools, biasface_ghost_orc_armoury, uniq_erolcha,
          uniq_harold, uniq_prince_ribbit1
Temple:   regret_index_temple_sphere_string

Skill      XL: |  1  2  3  4  5  6  7  8  9 10 |
---------------+-------------------------------+-----
Spellcasting   | 5 6 7 |  7.8
Stealth        | 6 7 8 |  8.4
Invocations    | 1 2 3 4 5 6 |  6.4
Fighting       | 1 2 3 4 5 |  5.8
Long Blades    | 1 2 3 4 5 |  5.8
Axes           | 1 2 3 4 5 |  5.8
Maces & Flails | 1 2 3 4 5 |  5.8
Polearms       | 1 2 3 4 5 |  5.8
Staves         | 1 2 3 4 5 |  5.8
Ranged Weapons | 1 2 3 4 5 |  5.8
Throwing       | 1 2 3 4 5 |  5.8
Armour         | 1 2 3 4 5 |  5.8
Shields        | 1 2 3 4 5 |  5.8
Unarmed Combat | 1 2 3 4 5 |  5.8
Evocations     | 1 2 3 4 5 |  5.8
Shapeshifting  | 1 2 3 4 5 |  5.3
Conjurations   | 1 2 3 4 |  4.8
Summonings     | 1 2 3 4 |  4.8
Necromancy     | 1 2 3 4 |  4.8
Translocations | 1 2 3 4 |  4.8
Fire Magic     | 1 2 3 4 |  4.8
Ice Magic      | 1 2 3 4 |  4.8
Air Magic      | 1 2 3 4 |  4.8
Earth Magic    | 1 2 3 4 |  4.8
Alchemy        | 1 2 3 4 |  4.8
Short Blades   | 3 4 5 6 |  6.4
Dodging        | 5 6 7 |  7.5
Hexes          | 6 7 |  7.4

Action                     |  1- 3 |  4- 6 |  7- 9 | 10-12 || total
---------------------------+-------+-------+-------+-------++-------
  Melee: Dagger            |    64 |   131 |   266 |    46 ||   507
         Bite              |     3 |     9 |    35 |     6 ||    53
         Punch             |     1 |     1 |       |       ||     2
  Throw: Dart              |       |     6 |     6 |     3 ||    15
   Cast: Ensorcelled Hiber |    13 |    59 |    34 |    26 ||   132
         Confusing Touch   |       |     1 |     9 |       ||    10
         Dazzling Flash    |       |       |       |     6 ||     6
    Use: Potion            |       |       |     1 |     1 ||     2
   Stab: Sleeping          |    26 |    41 |    34 |     8 ||   109
         Confused          |       |     2 |     5 |       ||     7
         Distracted        |       |       |     1 |       ||     1
         Invisible         |       |       |       |     2 ||     2
 Armour: Robe              |    25 |    55 |   110 |    47 ||   237
  Dodge: Dodged            |    32 |    70 |   121 |    64 ||   287
  Block: Buckler           |       |       |    53 |    26 ||    79
